 Dungeon Sprint DCSS version bcrawl-1.17.3 (webtiles) character file.

Game seed: 14368320569806817867

679 Freyura the Fighter (level 7, -6/64 HPs)
             Began as a Demonspawn Fighter on Oct 21, 2019.
             Was a Believer of Makhleb.
             Shot with an arrow by a centaur (8 damage)
             ... in the Dungeon (Sprint IX: "|||||||||||||||||||||||||||||").
             The game lasted 00:06:19 (314 turns).

Freyura the Fighter (Demonspawn Fighter)             Turns: 314, Time: 00:06:20

Health: -6/64      AC:  9    Str: 17    XL:     7   Next: 34%
Magic:  7/7        EV: 15    Int:  9    God:    Makhleb [**....]
Gold:   0          SH:  0    Dex: 17    Spells: 6/6 levels left

rFire    . . .     SeeInvis .   o - +2 dire flail (crush)
rCold    . . .     Gourm    .   (shield currently unavailable)
rNeg     . . .     Faith    .   a - +0 acid dragon scales
rPois    .         Spirit   .   p - +0 helmet
rElec    .         Reflect  .   (no cloak)
rCorr    +         Harm     .   (no gloves)
MR       .....     NoTele   +   (no boots)
Stlth    +.........             (no amulet)
HPRegen  0.20/turn              r - +3 ring of dexterity
MPRegen  0.10/turn              (no ring)

@: no status effects
A: hooves 1, powered by death 1, powered by pain 2
a: Minor Destruction, Renounce Religion


You were in the Dungeon.
You worshipped Makhleb.
Makhleb was pleased with you.
You were not hungry.

You visited 1 branch

Inventory:

Hand Weapons
 o - a +2 dire flail of crushing (weapon)
Armour
 a - +0 acid dragon scales (worn)
 b - a +0 scale mail
 p - a +0 helmet (worn)
Jewellery
 r - a +3 ring of dexterity (left hand)
Wands
 m - a wand of acid (10)
Scrolls
 j - 3 scrolls of remove curse
 k - 2 scrolls of blinking
 l - 2 scrolls of amnesia
Potions
 d - a potion of invisibility
 e - 5 potions of curing
 g - a potion of heal wounds
 h - a potion of haste
 i - 4 potions of magic
Comestibles
 f - a ration {!d}


   Skills:
 * Level 9.4 Fighting
 * Level 8.4 Maces & Flails
 + Level 6.3 Armour
 + Level 5.5 Dodging
   Level 5.1 Shields


You had 6 spell levels left.
You didn't know any spells.
Your spell library was empty.

Dungeon Overview and Level Annotations

Branches:
Dungeon (1/1)

Altars:
Cheibriados
Dithmenos
Elyvilon
Fedhas
Gozag
Hepliaklqana
Kikubaaqudgha
Lugonu
Makhleb
Nemelex Xobeh
Okawaru
Qazlal
Ru
Sif Muna
Trog
Uskayaw
Vehumet
Wu Jian
Xom
Yredelemnul
Zin
The Shining One
Beogh
Jiyva


Innate Abilities, Weirdness & Mutations

You have large cloven feet.
You regenerate a little health from kills.
You sometimes gain power by taking damage.


Message History

* * * LOW HITPOINT WARNING * * *
You are too injured to fight recklessly!
You are too injured to fight recklessly!
You are too injured to fight recklessly!
You are too injured to fight recklessly!
You are too injured to fight recklessly!
You are too injured to fight recklessly!
You are too injured to fight recklessly!
You sock the earth elemental!
You destroy the earth elemental!
The centaur shoots an arrow.
The arrow misses you.
The arrow closely misses the deep elf mage.
The deep elf mage hits you but does no damage.
The centaur shoots an arrow.
The arrow hits you!
* * * LOW HITPOINT WARNING * * *
You puncture the deep elf mage!
The deep elf mage is moderately wounded.
The deep elf mage completely misses you.
The centaur shoots an arrow.
The arrow hits you!
You die... ▓▓▓▓▓▓▓▓▓▓▓▓▓▓▓▓▓▓▓▓▓▓▓▓ .Jousc'@e....†[.[[.)|..' ▓▓▓▓▓▓▓▓▓▓▓▓▓▓▓▓▓▓▓▓▓▓▓▓

You could see a purple ugly thing, a slime creature, an orb spider, a deep elf mage, a centaur and an orc.

Vanquished Creatures
  2 acid dragons (D)
  A black bear (D)
  2 ice beasts (D)
  A bullfrog (D)
  2 crimson imps (D)
  A hound (D)
  2 dart slugs (D)
  An orc (D)
  A goblin (D)
  A hobgoblin (D)
  A quokka (D)
  A bat (D)
16 creatures vanquished.

Notes
Turn   | Place    | Note
-------+----------+-------------------------------------------
     0 | D        | Freyura the Demonspawn Fighter began the quest for the Orb.
     0 | D        | Reached XP level 1. HP: 18/18 MP: 1/1
    15 | D        | Reached skill level 1 in Dodging
    15 | D        | Gained mutation: You have large cloven feet. [demonic
                  | ancestry]
    15 | D        | Reached XP level 2. HP: 19/25 MP: 2/2
    63 | D        | Noticed a crimson imp
    63 | D        | Noticed a black bear
    63 | D        | Noticed a crimson imp
    63 | D        | Noticed an ice beast
    72 | D        | Killed an ice beast
    72 | D        | Reached skill level 5 in Fighting
    72 | D        | Reached XP level 3. HP: 33/33 MP: 3/3
    72 | D        | Gained mutation: You sometimes gain a little power by
                  | taking damage. [demonic ancestry]
    72 | D        | Reached XP level 4. HP: 39/39 MP: 4/4
    74 | D        | Reached skill level 6 in Fighting
    74 | D        | Reached skill level 5 in Maces & Flails
    76 | D        | Killed a black bear
    76 | D        | Reached XP level 5. HP: 47/47 MP: 5/5
    78 | D        | Reached skill level 7 in Fighting
    78 | D        | Reached skill level 5 in Armour
    78 | D        | Reached skill level 5 in Shields
    85 | D        | Found a roughly hewn altar of Beogh.
    85 | D        | Found a snail-covered altar of Cheibriados.
    85 | D        | Found a shadowy altar of Dithmenos.
    85 | D        | Found a white marble altar of Elyvilon.
    85 | D        | Found a blossoming altar of Fedhas.
    85 | D        | Found an opulent altar of Gozag.
    86 | D        | Found a hazy altar of Hepliaklqana.
    87 | D        | Found a viscous altar of Jiyva.
    88 | D        | Found an ancient bone altar of Kikubaaqudgha.
    89 | D        | Found a corrupted altar of Lugonu.
    90 | D        | Found a burning altar of Makhleb.
    91 | D        | Found a sparkling altar of Nemelex Xobeh.
    92 | D        | Found an iron altar of Okawaru.
    93 | D        | Found a stormy altar of Qazlal.
    94 | D        | Found a sacrificial altar of Ru.
    95 | D        | Found a shimmering blue altar of Sif Muna.
    96 | D        | Found a bloodstained altar of Trog.
    97 | D        | Found a hide-covered altar of Uskayaw.
    98 | D        | Became a worshipper of Makhleb the Destroyer
    99 | D        | Found a radiant altar of Vehumet.
   100 | D        | Found an ornate altar of the Wu Jian Council.
   101 | D        | Found a shimmering altar of Xom.
   102 | D        | Found a basalt altar of Yredelemnul.
   103 | D        | Found a glowing silver altar of Zin.
   104 | D        | Found a glowing golden altar of the Shining One.
   121 | D        | Got the +4 quarterstaff "Helosannye" {drain, *Rage rC+
                  | Dex+6}
   147 | D        | Noticed an acid dragon
   147 | D        | Noticed an ice beast
   147 | D        | Noticed an acid dragon
   151 | D        | Killed an acid dragon
   151 | D        | Reached skill level 8 in Fighting
   151 | D        | Gained mutation: You sometimes gain power by taking damage.
                  | [demonic ancestry]
   151 | D        | Reached XP level 6. HP: 25/56 MP: 6/6
   158 | D        | Killed an ice beast
   158 | D        | Reached skill level 5 in Dodging
   159 | D        | Reached * piety under Makhleb
   160 | D        | Gained mutation: You regenerate a little health from kills.
                  | [demonic ancestry]
   160 | D        | Reached XP level 7. HP: 27/63 MP: 7/7
   164 | D        | Reached skill level 9 in Fighting
   165 | D        | Reached ** piety under Makhleb
   304 | D        | Noticed a slime creature
   304 | D        | Noticed a purple ugly thing
   304 | D        | Noticed an orb spider
   304 | D        | Noticed a deep elf mage
   313 | D        | HP: 2/64 [centaur/arrow (9)]
   314 | D        | Shot with an arrow by a centaur

Skill      XL: |  1  2  3  4  5  6  7 |
---------------+----------------------+-----
Maces & Flails | 2 4 6 7 8 |  8.4
Shields        | 3 4 5 |  5.1
Armour         | 3 4 5 6 |  6.3
Dodging        | 1 2 3 4 5 |  5.5
Fighting       | 5 6 8 9 |  9.4

Action                   |  1- 3 |  4- 6 |  7- 9 || total
-------------------------+-------+-------+-------++-------
Melee: Flail             |    18 |     6 |       ||    24
       Kick              |     1 |     3 |     8 ||    12
       Dire flail        |       |    12 |    14 ||    26
  Use: Potion            |     3 |     1 |       ||     4
Armor: Scale mail        |     7 |     3 |     1 ||    11
       Acid dragon scale |       |       |     1 ||     1
Dodge: Dodged            |     4 |     5 |     7 ||    16
Block: Shield            |     2 |       |       ||     2
